 Dungeon Crawl Stone Soup version 0.30.1-9-gdf580d7c3d (webtiles) character file.

Game seed: 14706688582649752888

86 Peloso the Trooper (level 4, -5/41 HPs)
             Began as a Minotaur Fighter on Oct 1, 2023.
             Slain by Grinder (6 damage)
             ... while paralysed by Grinder
             ... on level 3 of the Dungeon.
             The game lasted 00:03:17 (1632 turns).

Peloso the Trooper (Minotaur Fighter)               Turns: 1632, Time: 00:03:17

Health: -5/41      AC: 11    Str: 21    XL:     4   Next: 27%
Magic:  3/3        EV:  2    Int:  5    God:
Gold:   88         SH:  0    Dex: 11    Spells: 3/3 levels left

rFire   . . .        a - +0 long sword
rCold   . . .        d - +0 buckler
rNeg    . . .        c - +1 chain mail
rPois   .            (helmet restricted)
rElec   .            m - +0 cloak
rCorr   .            (no gloves)
SInv    .            (no boots)
Will    .....        (no amulet) Stlth
                     (no ring)
HPRegen 0.26/turn    (no ring)
MPRegen 0.08/turn

%: no passive effects
@: paralysed
A: horns 2, retaliatory headbutt
a: no special abilities


You were on level 3 of the Dungeon.
You visited 1 branch of the dungeon, and saw 3 of its levels.

You collected 88 gold pieces.

Inventory:

Hand Weapons
 a - a +0 long sword (weapon)
Armour
 b - a +0 scale mail
 c - a +1 chain mail (worn)
 d - a +0 buckler (worn)
 m - a +0 cloak (worn)
Jewellery
 e - an amulet of faith
Scrolls
 o - a scroll of amnesia
Potions
 l - 2 potions of might
 n - 4 potions of curing
 p - a potion of heal wounds


   Skills:
 + Level 4.4 Fighting
 + Level 4.0 Long Blades
 + Level 4.2 Armour
 + Level 0.8 Dodging
 + Level 3.9 Shields


You had 3 spell levels left.
You didn't know any spells.
Your spell library was empty.

Dungeon Overview and Level Annotations

Branches:
Dungeon (3/15)

Altars:

Annotations:
D:3 Grinder


Innate Abilities, Weirdness & Mutations

You have a pair of horns on your head.
You reflexively headbutt those who attack you in melee.


Message History

Grinder is heavily wounded.
Grinder hits you but does no damage.
You hit Grinder but do no damage. Your headbutt misses Grinder.
Grinder is heavily wounded.
You block Grinder's attack. Grinder hits you but does no damage.
You hit Grinder.
Grinder is severely wounded.
Grinder blinks!
Grinder gestures at you. Pain shoots through your body!
Grinder drinks a potion.
Grinder is healed!
Unknown command.
Grinder barely misses you.
You hit Grinder. You headbutt Grinder, but do no damage.
Grinder is heavily wounded.
Grinder hits you but does no damage.
You barely miss Grinder.
Grinder is heavily wounded.
Grinder hits you.
You writhe in agony.
You closely miss Grinder.
Grinder is heavily wounded.
Grinder hits you but does no damage. x2
You closely miss Grinder.
Grinder is heavily wounded.
Grinder hits you but does no damage.
You barely miss Grinder.
Grinder is heavily wounded.
Grinder hits you.
You hit Grinder. Your headbutt misses Grinder.
Grinder is severely wounded.
Grinder hits you!
* * * LOW HITPOINT WARNING * * *
You closely miss Grinder.
Grinder is severely wounded.
Grinder gestures at you.
You suddenly lose the ability to move!
Grinder hits you.
* * * LOW HITPOINT WARNING * * *
You writhe in agony.
You die...

### #<# #.#
#.# # #.# +.
#.# #.#.. #.#
#....#####.#
#...5@....#
#.........>#
#.#...###.#.#
+... .....#
#.. ###.#.#
#.#. #.#...
#.#. #...#.#
.#.# #...#.#
....# #


You could see Grinder.

Vanquished Creatures
  2 adders (D:2)
  3 worms (D:2)
  3 dart slugs
  4 orcs (D:2)
  7 ball pythons
  6 endoplasms
  2 goblins
  3 hobgoblins (D:2)
  2 jackals (D:1)
  5 kobolds
  A quokka (D:2)
  5 bats
  5 frilled lizards
  3 rats
51 creatures vanquished.

Notes
Turn   | Place    | Note
-------+----------+-------------------------------------------
     0 | D:1      | Peloso the Minotaur Fighter began the quest for the Orb.
     0 | D:1      | Reached XP level 1. HP: 19/19 MP: 0/0
   112 | D:1      | Reached XP level 2. HP: 26/27 MP: 1/1
   835 | D:2      | Reached XP level 3. HP: 33/33 MP: 2/2
  1149 | D:2      | Reached XP level 4. HP: 41/41 MP: 3/3
  1595 | D:3      | Noticed Grinder
  1606 | D:3      | Paralysed by Grinder for 3 turns
  1631 | D:3      | Paralysed by Grinder for 3 turns
  1632 | D:3      | HP: 1/41 [Grinder (5)]
  1632 | D:3      | Slain by Grinder

Illustrated notes

Levels and vault maps discovered:
D:1:      lemuel_arrival_rhombus, layout_basic
D:2:      kennysheep_six_static_rooms, layout_basic, minmay_curled_crystal
D:3:      layout_basic, dk_yredelemnul_ordeal, uniq_grinder

Skill      XL: |  1  2  3  4 |
---------------+-------------+-----
Fighting       | 4 |  4.4
Armour         | 4 |  4.2
Long Blades    | 3 4 |  4.0
Dodging        | |  0.8
Shields        | |  3.9

Action                     |  1- 3 |  4- 6 || total
---------------------------+-------+-------++-------
  Melee: Long sword        |    90 |    33 ||   123
         Headbutt          |    15 |     7 ||    22
    Use: Potion            |     2 |       ||     2
         Scroll            |       |     6 ||     6
 Armour: Scale mail        |    23 |       ||    23
         Chain mail        |    26 |    19 ||    45
  Dodge: Dodged            |    62 |     3 ||    65
  Block: Buckler           |    28 |     6 ||    34
